 Dungeon Crawl Stone Soup version 0.21.1-1-g345015f (webtiles) character file.

800 shakethe the Cleaver (level 7, -5/40 HPs)
             Began as a Gargoyle Gladiator on Feb 10, 2018.
             Was an Initiate of Elyvilon.
             Killed from afar by an orc wizard (6 damage)
             ... with a puff of frost
             ... on level 6 of the Dungeon.
             The game lasted 00:10:22 (5276 turns).

shakethe the Cleaver (Gargoyle Gladiator)           Turns: 5276, Time: 00:10:23

Health: -5/40      AC: 12    Str: 17    XL:     7   Next: 90%
Magic:  7/7        EV: 11    Int:  9    God:    Elyvilon [......]
Gold:   231        SH:  0    Dex: 13    Spells: 6/6 levels left

rFire    . . .     SeeInvis .   a - +0 war axe
rCold    . . .     Gourm    .   (no shield)
rNeg     + . .     Faith    .   o - +0 ring mail
rPois    ∞         Spirit   .   b - +1 hat
rElec    +         Reflect  .   (no cloak)
rCorr    .         Harm     .   (no gloves)
MR       .....                  j - +0 pair of boots
Stlth    +.........             (no amulet)
HPRegen  0.13/turn              (no ring)
MPRegen  0.10/turn              (no ring)

@: no status effects
A: negative energy resistance 1, electricity resistance, unbreathing,
petrification resistance, rot immunity, AC +4
a: Renounce Religion


You were on level 6 of the Dungeon.
You worshipped Elyvilon.
Elyvilon was noncommittal.
You were not hungry.

You visited 2 branches of the dungeon, and saw 7 of its levels.

You collected 231 gold pieces.

Inventory:

Hand Weapons
 a - a +0 war axe (weapon)
 y - a +0 war axe
   (You found it on level 5 of the Dungeon)
Missiles
 d - 6 curare-tipped needles
 p - 3 throwing nets {=f, !d}
Armour
 b - a +1 hat (worn)
   (You found it on level 3 of the Dungeon)
 c - a +0 helmet
 j - a +0 pair of boots (worn)
   (You found it on level 2 of the Dungeon)
 o - a +0 ring mail (worn)
   (You found it on level 1 of the Dungeon)
Wands
 t - a wand of paralysis (15)
   (You found it on level 4 of the Dungeon)
 x - a wand of iceblast (6)
   (You found it on level 5 of the Dungeon)
Scrolls
 e - 5 scrolls of teleportation
 i - 3 scrolls of blinking {!r}
 m - 2 scrolls of magic mapping {unknown}
 n - 2 scrolls of remove curse {unknown}
 q - a scroll of fear
 r - a scroll of enchant weapon {unknown}
 s - 5 scrolls of identify
 w - a scroll of amnesia {unknown}
Potions
 g - 3 potions of flight
 h - a potion of mutation {unknown}
 k - 2 potions of haste {unknown}
 l - 2 potions of curing
 u - 5 potions of lignification {unknown}
Books
 v - a book of Minor Magic
   (You found it on level 5 of the Dungeon)
Comestibles
 f - 6 rations


   Skills:
 - Level 2.1 Fighting
 + Level 8.2 Axes
 - Level 1.7 Throwing
 - Level 1.5 Armour
 - Level 2.4 Dodging
 - Level 0.1 Stealth


You had 6 spell levels left.
You didn't know any spells.

Dungeon Overview and Level Annotations

Branches:
Dungeon (6/15)             Temple (1/1) D:5

Altars:
Ashenzari
Cheibriados
Dithmenos
Elyvilon
Fedhas
Gozag
Hepliaklqana
Kikubaaqudgha
Makhleb
Nemelex Xobeh
Okawaru
Qazlal
Ru
Sif Muna
Trog
Uskayaw
Wu Jian
Xom
Yredelemnul
Zin
The Shining One

Shops:
D:4 :(=


Innate Abilities, Weirdness & Mutations

You are resistant to torment.
Your stone body is resilient. (AC +4)
You are immune to poison.
You resist negative energy. (rN+)
You are resistant to electric shocks. (rElec)
You can survive without breathing.
You are immune to petrification.
You are immune to rotting.


Message History

Your Axes skill increases to level 8!
You see here a giant club.
There isn't anything to butcher here.
You start resting.
You are feeling very hungry.
You regained 2 hp, and now have 20/40 hp.
Okay, then.
Found a stone staircase leading up.
You regained 6 hp, and now have 27/40 hp.
You now have 231 gold pieces (gained 6).
u - 5 coppery potions (gained 2)
You are near starving!
Health restored: 40
There is a stone staircase leading down here.
There is a stone staircase leading down here.
There is an open door here.
y - a war axe
There is an open door here.
There is an escape hatch in the floor here.
You are starving!
You need to eat something NOW!
You eat one of the 7 rations.
That ration really hit the spot!
There is a stone staircase leading up here.
Done exploring.
Done exploring.
No target in view!
There is a stone staircase leading down here.
You climb downwards. 3 orcs, an orc priest and an orc wizard come into view.
The orc priest is wielding a short sword of flaming.
The orc wizard shouts!
The orc shouts!
The orc priest shouts!
The orc shouts!
There is a stone staircase leading up here.
You completely miss the orc priest.
The orc priest hits you but does no damage.
The orc hits you but does no damage.
You hit the orc priest but do no damage.
You hit the orc. The orc priest closely misses you. The orc hits you.
The orc hits you but does no damage.
You take 1 damage, and have 39/40 hp.
You hit the orc priest. You hit the orc.
You kill the orc!
You miss the orc wizard. The orc priest barely misses you.
The orc throws a poisoned tomahawk.
The poisoned tomahawk hits you but does no damage.
The orc wizard hits you with a dagger. The orc hits you but does no damage.
You take 2 damage, and have 37/40 hp.
You slash the orc priest! You hit the orc wizard.
The orc priest closely misses you.
The orc wizard hits you but does no damage.
The orc throws a poisoned tomahawk.
The poisoned tomahawk hits you but does no damage.
The orc closely misses you.
You hit the orc priest but do no damage.
You hit the orc wizard.
The orc priest calls upon Beogh to heal the orc wizard.
The orc wizard is healed somewhat.
The orc wizard casts a spell.
The orc wizard seems to speed up.
The orc barely misses you.
You hit the orc priest. You hit the orc. You barely miss the orc wizard.
The orc wizard gestures at you while chanting.
The puff of frost misses you.
The orc priest hits you with a short sword of flaming.
The orc priest burns you. The orc hits you but does no damage.
You take 3 damage, and have 34/40 hp.
Your ring mail prevents you from hitting the orc priest.
You barely miss the orc.
You hit the orc wizard but do no damage.
The orc wizard hits you but does no damage.
The orc hits you but does no damage.
The orc priest mumbles some strange prayers to Beogh against you.
Beogh smites you!
The orc wizard gestures at you while chanting.
The puff of frost hits you! The orc barely misses you.
You take 14 damage, and have 20/40 hp.
MASSIVE DAMAGE!!
You barely miss the orc priest. You closely miss the orc wizard.
You closely miss the orc.
The orc wizard hits you but does no damage.
The orc hits you but does no damage.
The orc priest hits you but does no damage.
The orc hits you with a club.
The orc wizard casts a cantrip, but nothing happens.
You take 4 damage, and have 16/40 hp.
You hit the orc priest but do no damage.
You closely miss the orc wizard. You hit the orc but do no damage.
The orc closely misses you.
The orc wizard hits you but does no damage.
The orc priest hits you but does no damage.
The orc barely misses you.
You hit the orc priest but do no damage.
You hit the orc wizard. You slash the orc!
You kill the orc!
The orc wizard completely misses you. The orc closely misses you.
The orc priest invokes the aid of Beogh against you.
Beogh smites you!
* * * LOW HITPOINT WARNING * * *
The orc wizard points at you and mumbles some strange words.
The puff of frost hits you!
You die...

#####
#....#####
#........#
#.....oo.#
#.....)@.#
#....o..<#
#....#####
#... #..
##


You could see an orc priest, an orc wizard and an orc.

Vanquished Creatures
  Sigmund (D:4)
  The ghost of jazmu the Grave Robber, an amateur DsNe (D:3)
  An ogre (D:5)
  A crimson imp (D:3)
  A bullfrog zombie (D:5)
  An orc priest (D:4)
  A centaur skeleton (D:4)
  A hound (D:3)
  An orc wizard (D:5)
  Jessica (D:2)
  An iguana (D:4)
  3 worker ants (D:4)
  4 adders
  An ooze (D:5)
  7 worms
  3 dart slugs (D:1)
  3 leopard geckos
  8 orcs
  5 giant cockroaches
  5 goblins
  6 hobgoblins
  2 jackals (D:1)
  4 kobolds
  A quokka (D:2)
  A ball python (D:1)
  5 bats
  5 frilled lizards
  4 rats
78 creatures vanquished.

Notes
Turn   | Place    | Note
-------+----------+-------------------------------------------
     0 | D:1      | shakethe the Gargoyle Gladiator began the quest for the Orb.
     0 | D:1      | Reached XP level 1. HP: 12/12 MP: 1/1
    39 | D:1      | Reached skill level 3 in Axes
    76 | D:1      | Reached XP level 2. HP: 11/17 MP: 2/2
   295 | D:1      | Reached XP level 3. HP: 17/21 MP: 3/3
   455 | D:2      | Noticed Jessica
   459 | D:2      | Killed Jessica
   459 | D:2      | Reached skill level 4 in Axes
   479 | D:2      | HP: 4/21 [worm (7)]
   515 | D:2      | HP: 3/21 [worm (4)]
   847 | D:2      | Reached XP level 4. HP: 25/26 MP: 4/4
   904 | D:2      | Reached skill level 1 in Armour
   948 | D:2      | HP: 3/26 [worm (6)]
  1807 | D:3      | Noticed jazmu's ghost (amateur DsNe)
  1888 | D:3      | HP: 5/26 [jazmu's ghost (2)]
  1894 | D:3      | HP: 4/26 [jazmu's ghost (2)]
  2480 | D:3      | Reached skill level 5 in Axes
  2480 | D:3      | Reached XP level 5. HP: 28/30 MP: 5/5
  2518 | D:3      | Killed jazmu's ghost
  2518 | D:3      | Reached XP level 6. HP: 18/35 MP: 6/6
  2725 | D:3      | Reached skill level 6 in Axes
  3056 | D:4      | Noticed Sigmund
  3066 | D:4      | Killed Sigmund
  3066 | D:4      | Reached XP level 7. HP: 30/40 MP: 7/7
  3082 | D:4      | Reached skill level 7 in Axes
  3272 | D:4      | Found Arphieru's Book Shoppe.
  3359 | D:4      | Found Reuwuto's Weapon Emporium.
  3701 | D:4      | Found a bloodstained altar of Trog.
  3836 | D:4      | Found Wotanwue's Jewellery Emporium.
  3952 | D:5      | Entered Level 5 of the Dungeon
  4447 | D:5      | Found a staircase to the Ecumenical Temple.
  4456 | Temple   | Entered the Ecumenical Temple
  4490 | Temple   | Became a worshipper of Elyvilon the Healer
  4817 | D:5      | Reached skill level 8 in Axes
  5276 | D:6      | HP: 1/40 [orc priest/divine providence (15)]
  5276 | D:6      | Killed from afar by an orc wizard

Skill      XL: |  1  2  3  4  5  6  7 |
---------------+----------------------+-----
Axes           | 3 4 5 6 8 |  8.2
Armour         | 1 |  1.5
Fighting       | |  2.1
Throwing       | |  1.7
Dodging        | |  2.4
Stealth        | |  0.1

Action                   |  1- 3 |  4- 6 |  7- 9 || total
-------------------------+-------+-------+-------++-------
Melee: War axe           |    63 |   161 |   114 ||   338
Throw: Throwing net      |       |     4 |       ||     4
  Use: Scroll            |       |     6 |       ||     6
  Eat: Chunk             |       |     3 |     2 ||     5
       Ration            |       |     1 |     2 ||     3
Armor: Leather armour    |    24 |    38 |       ||    62
       Ring mail         |       |    50 |    57 ||   107
Dodge: Dodged            |    51 |   101 |    61 ||   213

Vault maps used:
D:1:      saegor_arrival_miasma, grunt_decor_one_mirror,
          hangedman_decor_diamond_cutter
D:2:      first_ration, uniq_jessica
D:3:      minmay_box_of_dots
D:4:      serial_shops, shop, nicolae_shop_stone, nicolae_shop_statue_plus,
          trog_book, uniq_sigmund
D:5:      minmay_temple_entry_enclosed_plants, minivault_27
D:6:      hangedman_cross_stitches, uniq_prince_ribbit1, uniq_blork_the_orc,
          uniq_menkaure, uniq_edmund
Temple:   kilobyte_greek_temple

Table legend:
 A = Turns spent in this place as a percentage of turns spent in the entire game.
 B = Non-inter-level travel turns spent in this place as a percentage of non-inter-level travel turns spent in the entire game.
 C = Inter-level travel turns spent in this place as a percentage of turns spent in this place.
 D = Turns resting spent in this place as a percentage of non-inter-level travel turns spent in this place.
 E = Turns spent auto-exploring this place as a percentage of non-inter-level travel turns spent in this place.
 F = Non-inter-level travel turns spent in this place divided by the number of levels of this place that you've seen.
                   A       B       C       D       E      F
               +-------+-------+-------+-------+-------+----------------------
         Total | 100.0 | 100.0 |   3.1 |  22.0 |  55.9 | 730.7
       Dungeon |  95.8 |  95.7 |   3.2 |  23.0 |  55.1 | 815.8
        Temple |   4.2 |   4.3 |   0.0 |   0.0 |  73.6 | 220.0
               +-------+-------+-------+-------+-------+----------------------

Table legend:
 A = Kills in this place as a percentage of kills in entire the game.
 B = Kills by you in this place as a percentage of kills by you in the entire game.
 C = Kills by friends in this place as a percentage of kills by friends in the entire game.
 D = Other kills in this place as a percentage of other kills in the entire game.
 E = Experience gained in this place as a percentage of experience gained in the entire game.
 F = Experience gained in this place divided by the number of levels of this place that you have seen.
                   A       B       C       D       E      F
               +-------+-------+-------+-------+-------+----------------------
         Total | 100.0 | 100.0 |   N/A |   N/A | 100.0 | 163.4
       Dungeon | 100.0 | 100.0 |   N/A |   N/A | 100.0 | 190.7
               +-------+-------+-------+-------+-------+----------------------
